[Event "Turkey IS Bank Super League 2017"]
[Site "Darica-Kocaeli"]
[Date "2017.08.04"]
[Round "11"]
[White "Arat, Ufuk Sezen"]
[Black "Samani, Yamac"]
[Result "1/2-1/2"]
[ECO "D02"]
[WhiteElo "2400"]
[BlackElo "2263"]
[Annotator "ChessBase"]
[PlyCount "74"]
[EventType "team-tourn"]
[EventCountry "TUR"]
[SourceTitle "playchess.com"]
[Source "ChessBase"]
[SourceQuality "1"]
[TimeControl "40/5400+30:1800+30"]

1. d4 d5 2. Nf3 Nf6 3. g3 c6 4. Bg2 Bf5 5. Nh4 Bg6 6. Nxg6 hxg6 7. Nd2 Nbd7 8. O-O e6 9. e4 Nxe4 10. Nxe4 dxe4 11. Bxe4 Be7 12. b3 Qa5 13. c4 Rd8 14. Bg2 Nf6 15. Bd2 Bb4 16. Be3 O-O 17. Qe2 Rd7 18. Rad1 Rfd8 19. f4 Bc3 20. d5 cxd5 21. cxd5 Nxd5 22. Bxd5 Rxd5 23. Rxd5 Rxd5 24. Rd1 a6 25. Qf3 Rxd1+ 26. Qxd1 Qd5 27. Qxd5 exd5 28. Kf2 Kf8 29. Ke2 Ke7 30. Kd3 Bf6 31. g4 Ke6 32. h3 Kd6 33. a4 Kc6 34. b4 Be7 35. Bd2 Bf6 36. Be3 Be7 37. Bd2 Bf6 1/2-1/2

[Event "Turkey IS Bank Super League 2017"]
[Site "Darica-Kocaeli"]
[Date "2017.08.04"]
[Round "11"]
[White "Mammadova, Gulnar"]
[Black "Onur, Cigdem"]
[Result "1-0"]
[ECO "B30"]
[WhiteElo "2357"]
[BlackElo "1699"]
[Annotator "NA"]
[PlyCount "81"]
[EventType "team-tourn"]
[EventCountry "TUR"]
[SourceTitle "playchess.com"]
[Source "ChessBase"]
[SourceQuality "1"]
[TimeControl "40/5400+30:1800+30"]

1. e4 c5 2. Nf3 Nc6 3. Bb5 e6 4. O-O Nge7 5. Re1 a6 6. Bf1 d5 7. d3 Ng6 {[%emt 0:09:00] B30: Sicilian: 2...Nc6 3 Bb5, lines without ...g6} (7... d4 8. e5 Nf5 9. g3 b6 10. Bg2 Bb7 11. Nbd2 Be7 12. Ne4 h5 13. h4 Qd7 14. Bf4 Nb4 15. Nfg5 {½-½ (49) Movsesian,S (2677)-Miton,K (2612) Czech Republic 2017}) 8. c3 d4 9. e5 Be7 10. Nbd2 O-O 11. g3 $146 ({Find the theoretical novelty and annotate with similar games:} 11. a4 b6 12. Nc4 Rb8 13. Qe2 Bb7 14. g3 b5 15. axb5 axb5 {½-½ (76) Taeib,S (2147)-Amdouni,Z (2264) Hammamet 2013}) 11... Qc7 12. Qe2 b5 13. h4 h5 14. Bg2 Bb7 15. Nb3 Rfd8 (15... dxc3 $11 {keeps the balance.} 16. bxc3 Rac8) 16. Bd2 (16. cxd4 $14 Nxd4 17. Nfxd4 cxd4 18. Bxb7 Qxb7 19. Qxh5) 16... Nf8 17. cxd4 cxd4 18. Rac1 Qd7 19. Nc5 ({White should try} 19. Ng5 $18) 19... Bxc5 20. Rxc5 Nh7 21. Bf4 Rac8 22. Nd2 g6 23. Ne4 Nb4 24. Rxc8 Rxc8 25. Qd2 Bxe4 26. Bxe4 Qe7 $16 27. Rc1 Rxc1+ 28. Qxc1 Nd5 29. Bxd5 exd5 30. Qc8+ Kg7 31. Qxa6 g5 32. hxg5 Nxg5 33. Bxg5 Qxg5 34. Qf6+ Qxf6 35. exf6+ Kxf6 36. a3 b4 37. a4 Ke6 38. b3 Kd6 39. Kg2 Ke6 40. Kh3 Kd6 41. Kh4 1-0

[Event "Turkey IS Bank Super League 2017"]
[Site "Darica-Kocaeli"]
[Date "2017.08.04"]
[Round "11"]
[White "Kerigan, Demre"]
[Black "Yilmaz, Goktan"]
[Result "1/2-1/2"]
[ECO "B50"]
[WhiteElo "2354"]
[BlackElo "2202"]
[Annotator "NA"]
[PlyCount "73"]
[EventType "team-tourn"]
[EventCountry "TUR"]
[SourceTitle "playchess.com"]
[Source "ChessBase"]
[SourceQuality "1"]
[TimeControl "40/5400+30:1800+30"]

1. e4 c5 2. Nf3 d6 3. c3 Nf6 4. Be2 g6 5. O-O Bg7 6. Bb5+ Bd7 7. Bxd7+ Qxd7 8. Re1 Nc6 9. d4 cxd4 10. cxd4 O-O {[%emt 0:00:30] LiveBook: 5 Games} 11. Nc3 {[%emt 0:00:30] B50: Sicilian: 2...d6, Miscellaneous} d5 (11... Rac8 12. h3 d5 13. Ne5 Qd8 14. Nxc6 bxc6 15. e5 Nd7 16. Be3 e6 17. Rc1 f6 18. exf6 Qxf6 {Glek,I (2566)-Sprenger,J (2505) Belgium 2005 (76)}) 12. e5 Ne8 13. Bf4 $146 ({Predecessor:} 13. h4 Nc7 14. h5 Rad8 15. Be3 Qg4 16. Qb3 Qd7 {0-1 (63) Flores,D (2440)-Fiorito,F (2420) Villa Ballester 2004}) 13... Nc7 14. Qd2 Ne6 15. Rad1 Nxf4 16. Qxf4 e6 17. h4 f6 18. Qg4 fxe5 19. Nxe5 Nxe5 20. dxe5 Qf7 21. Qe2 a6 22. Qe3 Rac8 23. g3 Qe7 24. Rd2 Qb4 25. a3 Qg4 26. Kg2 Rc4 27. f3 Qf5 28. f4 Rfc8 29. Ne2 Bf8 $11 30. Nd4 Qf7 31. Qd3 Bc5 32. Nf3 Be7 33. Ree2 b5 34. Nd4 Bc5 35. Nf3 Be7 36. Nd4 Bc5 37. Nf3 1/2-1/2

[Event "Turkey IS Bank Super League 2017"]
[Site "Darica-Kocaeli"]
[Date "2017.08.04"]
[Round "11"]
[White "Osmak, Iulija"]
[Black "Buyukasik, Diyap"]
[Result "1/2-1/2"]
[ECO "A48"]
[WhiteElo "2353"]
[BlackElo "2285"]
[Annotator "NA"]
[PlyCount "87"]
[EventType "team-tourn"]
[EventCountry "TUR"]
[SourceTitle "playchess.com"]
[Source "ChessBase"]
[SourceQuality "1"]
[TimeControl "40/5400+30:1800+30"]

1. d4 Nf6 2. Bf4 g6 3. e3 Bg7 4. Nf3 O-O {[%emt 0:00:00] LiveBook: 1657 Games} 5. Be2 d6 6. h3 c5 7. c3 Be6 8. Nbd2 Qb6 {[%emt 0:00:30] A48: 1 d4 Nf6 2 Nf3 g6: Torre, London and Colle Systems} 9. Qc1 (9. Qc2 Nc6 10. O-O Rac8 11. dxc5 Qxc5 12. e4 Qb6 13. Be3 Qc7 14. Qa4 a6 15. Nd4 Bd7 16. Qb3 {0-1 (46) Khotenashvili,B (2504)-Harika,D (2505) Beijing 2014}) 9... Nc6 10. Ng5 cxd4 11. exd4 Bd5 $146 ({Predecessor:} 11... Bd7 12. O-O Rac8 13. Nc4 Qc7 14. Re1 Nd5 15. Bh2 h6 {1-0 (45) Salna,A (1936)-Gudeika,D (1987) Kaunas 2016}) 12. O-O Rac8 13. Be3 Na5 14. a4 Qc6 15. Ngf3 Ne4 16. Bb5 Qc7 17. Qe1 a6 18. Bd3 Nxd2 19. Nxd2 e5 20. dxe5 dxe5 21. f3 Nc4 22. Nxc4 (22. Bxc4 ) 22... Bxc4 23. Bxc4 Qxc4 24. a5 Rfd8 25. Bb6 Rd5 26. Rd1 Bf8 27. Qe4 Bc5+ 28. Bxc5 $1 Qxc5+ 29. Kh1 Rcd8 30. Rxd5 Qxd5 31. Qb4 Qd3 32. Re1 Qd5 33. Qe7 Qxa5 34. Qxb7 Rd5 35. Kh2 Kg7 36. Qe7 Qb5 37. Qg5 (37. Qc7 $11) 37... Qxb2 38. Rxe5 Qb8 39. f4 h6 40. Qe7 Rd1 41. Re4 Qb6 42. Qe5+ Kh7 43. Re3 Qd6 44. c4 $11 1/2-1/2

[Event "Turkey IS Bank Super League 2017"]
[Site "Darica-Kocaeli"]
[Date "2017.08.04"]
[Round "11"]
[White "Yildiz, Betul Cemre"]
[Black "Ozturk, Kubra"]
[Result "1/2-1/2"]
[ECO "C55"]
[WhiteElo "2326"]
[BlackElo "2298"]
[Annotator "ChessBase"]
[PlyCount "66"]
[EventType "team-tourn"]
[EventCountry "TUR"]
[SourceTitle "playchess.com"]
[Source "ChessBase"]
[SourceQuality "1"]
[TimeControl "40/5400+30:1800+30"]

1. e4 e5 2. Nf3 Nc6 3. Bc4 Nf6 4. d3 Be7 5. O-O O-O 6. Re1 d6 7. a4 Na5 8. Ba2 c5 9. Na3 Nc6 10. c3 h6 11. Nc2 Re8 12. Bd2 Bf8 13. b4 cxb4 14. cxb4 Ne7 15. Ne3 Ng6 16. Bc4 Nf4 17. Qb3 Be6 18. Bxe6 Nxe6 19. Nd5 b6 20. Nxf6+ Qxf6 21. a5 g5 22. Be3 Rab8 23. axb6 axb6 24. Rec1 b5 25. Nd2 Qe7 26. Nf1 Nf4 27. Ng3 d5 28. Bc5 Qe6 29. Ra5 dxe4 30. Qxe6 Rxe6 31. dxe4 Nd3 32. Rb1 Nxc5 33. bxc5 Bxc5 1/2-1/2

[Event "Turkey IS Bank Super League 2017"]
[Site "Darica-Kocaeli"]
[Date "2017.08.04"]
[Round "11"]
[White "Ozen, Bahadir"]
[Black "Tuncer, Tuna"]
[Result "0-1"]
[ECO "C00"]
[WhiteElo "2315"]
[BlackElo "2274"]
[Annotator "NA"]
[PlyCount "90"]
[EventType "team-tourn"]
[EventCountry "TUR"]
[SourceTitle "playchess.com"]
[Source "ChessBase"]
[SourceQuality "1"]
[TimeControl "40/5400+30:1800+30"]

1. Nf3 c5 2. g3 d5 3. Bg2 Nf6 4. O-O e6 5. d3 Be7 6. Nbd2 Nc6 7. e4 b6 8. Re1 Bb7 9. Qe2 {[%emt 0:01:30] LiveBook: 70 Games} (9. c3 Qc7 10. Qe2 O-O 11. e5 Nd7 12. h4 b5 13. Nf1 b4 14. h5 bxc3 15. bxc3 Ba6 16. h6 g6 17. Bf4 Qa5 18. Rac1 c4 19. d4 Ba3 {1-0 (31) Hera,I (2611)-Ganguly,S (2658) Biel 2017}) 9... Nb4 10. Qd1 Nc6 11. Qe2 Nb4 {[%emt 0:01:30] C00: French: Unusual White 2nd moves} 12. Qd1 O-O 13. a3 Nc6 14. exd5 Nxd5 15. d4 $146 ({Predecessor:} 15. c4 Nf6 16. Nb3 Qd7 17. Be3 Rad8 18. d4 cxd4 19. Nbxd4 Ng4 20. Nxc6 Qxc6 21. Qc2 Bf6 22. h4 Ne5 23. Qe2 Nxf3+ 24. Bxf3 Qxf3 {0-1 (20) Munoz,L (1865)-Kasperek,R Chessfriend.com 2004}) 15... cxd4 16. Nb3 Bf6 17. Nbxd4 Nxd4 18. Nxd4 Rc8 19. Nb3 Qc7 20. c3 Nxc3 21. bxc3 Bxg2 22. Kxg2 Bxc3 23. Be3 Rfd8 24. Qe2 Bxe1 25. Rxe1 Qc2 26. Nd4 Qxe2 27. Rxe2 Rc4 28. Nb5 Rd7 29. Rb2 $17 Kf8 30. Kf3 a6 31. Nd4 Rcxd4 32. Bxd4 Rxd4 33. Rxb6 Rd3+ 34. Ke4 Rxa3 35. f4 Ke7 36. g4 Kf6 37. g5+ Kg6 38. h4 Ra4+ 39. Ke5 Ra5+ 40. Kd6 Rf5 41. Rb4 Kh5 42. Ke7 Kxh4 43. Kf8 g6 44. Kg7 Kg4 45. Kh6 Rxf4 0-1

[Event "Turkey IS Bank Super League 2017"]
[Site "Darica-Kocaeli"]
[Date "2017.08.04"]
[Round "11"]
[White "Avramidou, Anastasia"]
[Black "Nomin-Erdene, Davaademberel"]
[Result "1-0"]
[ECO "D20"]
[WhiteElo "2247"]
[BlackElo "2373"]
[Annotator "NA"]
[PlyCount "77"]
[EventType "team-tourn"]
[EventCountry "TUR"]
[SourceTitle "playchess.com"]
[Source "ChessBase"]
[SourceQuality "1"]
[TimeControl "40/5400+30:1800+30"]

1. d4 d5 2. c4 dxc4 3. e3 e5 4. Bxc4 exd4 5. exd4 Nf6 6. Nf3 Bd6 7. O-O O-O 8. h3 h6 9. Nc3 a6 {[%emt 0:03:30] D20: Queen's Gambit Accepted: 3 e3 and 3 e4} (9... Nc6 10. Re1 Bf5 11. Bd2 a6 12. a3 Bh7 13. d5 Ne7 14. Be3 Nf5 15. Bd4 Nxd4 16. Qxd4 Re8 17. Bd3 Bxd3 18. Qxd3 {½-½ (33) Muzychuk,M (2529)-Dzagnidze,N (2570) Beijing 2014}) 10. Ne5 Nbd7 11. Re1 Nb6 12. Bb3 Be6 $146 ({Predecessor:} 12... c6 13. Qf3 Nbd5 14. Nxd5 cxd5 15. Bf4 Be6 16. Rad1 Rc8 17. Re2 {0-1 (31) Also Alvarado,L (2178)-Menvielle Laccourreye,A (2265) Gran Canaria 2011}) 13. Bxe6 fxe6 14. Ng4 Qd7 15. Qf3 Nfd5 16. Qe2 Rae8 17. Ne4 Nf4 18. Bxf4 Rxf4 19. g3 Rf5 20. Ne3 Rff8 21. Qh5 e5 22. Ng4 exd4 23. Nef6+ gxf6 24. Rxe8 Qxe8 25. Nxf6+ Rxf6 26. Qxe8+ Kg7 27. Rd1 Bc5 28. Qe5 Nd7 29. Qxc7 Rf7 30. Rd3 Re7 31. b4 Bxb4 32. Rxd4 Ne5 33. Qd8 Bc5 34. Rf4 Ng6 35. Rg4 Rf7 $18 36. Qd3 Rf6 37. Rxg6+ Rxg6 38. Qc3+ Rf6 39. Qxc5 1-0

[Event "Turkey IS Bank Super League 2017"]
[Site "Darica-Kocaeli"]
[Date "2017.08.04"]
[Round "11"]
[White "Tanriverdi, Enes"]
[Black "Ozen, Deniz"]
[Result "0-1"]
[ECO "D12"]
[WhiteElo "2247"]
[BlackElo "2351"]
[Annotator "NA"]
[PlyCount "126"]
[EventType "team-tourn"]
[EventCountry "TUR"]
[SourceTitle "playchess.com"]
[Source "ChessBase"]
[SourceQuality "1"]
[TimeControl "40/5400+30:1800+30"]

1. d4 d5 2. c4 c6 3. Nf3 Nf6 4. e3 Bf5 5. Nc3 e6 6. Nh4 Be4 7. f3 Bg6 8. Qb3 Qc7 9. Bd2 {[%emt 0:00:00] D12: Slav Defence: 3 Nf3 Nf6 4 e3 Bf5} Be7 (9... a6 10. Rc1 dxc4 11. Bxc4 Nbd7 12. a4 Be7 13. g3 Bh5 14. O-O O-O 15. Ng2 Rad8 16. Nf4 Kh8 {½-½ (34) So,W (2822)-Caruana,F (2817) chess.com INT 2017}) 10. O-O-O Nbd7 11. Nxg6 hxg6 12. Kb1 dxc4 13. Bxc4 b5 14. Be2 a6 15. Ne4 O-O 16. h4 c5 17. Nxf6+ $146 Nxf6 18. g4 cxd4 19. e4 Nd7 20. f4 Nc5 21. Qf3 Qb7 22. Bb4 {[%emt 0:03:30] [#]} (22. e5 $1 $11) 22... d3 $1 23. Bxd3 (23. Bxc5 $17 dxe2 24. Rc1) 23... Nxd3 24. Bxe7 {[%emt 0:00:00] [#]} Qxe7 ({Better is} 24... Nxb2 $1 $19 25. Bxf8 Nxd1) 25. Rxd3 Rfd8 26. Rxd8+ Rxd8 27. h5 gxh5 28. gxh5 Qd6 29. h6 Qd3+ 30. Qxd3 Rxd3 31. f5 exf5 32. exf5 Rd6 33. hxg7 Kxg7 34. Kc2 Kf6 35. Rh5 a5 36. Kc3 Rd5 37. b4 a4 38. Rh7 Rxf5 39. Kd4 Ke6 40. Rh8 Rd5+ 41. Ke3 Rg5 42. Kd4 Rd5+ 43. Ke3 f5 44. Re8+ Kd7 45. Rf8 Kd6 46. Rd8+ Kc6 47. Rf8 Re5+ 48. Kd3 Kd6 49. Rb8 Ke6 50. Rb6+ Kf7 51. a3 $17 f4 52. Kd4 Re3 53. Rxb5 Kf6 54. Rb6+ Kf5 55. b5 Rxa3 56. Ra6 Rb3 57. Kc4 Ra3 58. b6 f3 59. b7 f2 60. Ra5+ Kf6 61. b8=Q f1=Q+ 62. Kd5 Qf3+ 63. Kc5 Rc3+ 0-1

[Event "Turkey IS Bank Super League 2017"]
[Site "Darica-Kocaeli"]
[Date "2017.08.04"]
[Round "11"]
[White "Kiremitciyan, Ari"]
[Black "Kinsiz, Onur"]
[Result "1-0"]
[ECO "B07"]
[WhiteElo "2240"]
[BlackElo "2221"]
[Annotator "NA"]
[PlyCount "77"]
[EventType "team-tourn"]
[EventCountry "TUR"]
[SourceTitle "playchess.com"]
[Source "ChessBase"]
[SourceQuality "1"]
[TimeControl "40/5400+30:1800+30"]

1. e4 d6 2. d4 Nf6 3. Nc3 e5 4. Nge2 Nbd7 5. g3 Be7 6. Bg2 O-O 7. O-O c6 8. a4 {[%emt 0:00:30] LiveBook: 107 Games} a5 {[%emt 0:05:30] B07: Pirc Defence: Miscellaneous Systems} (8... Re8 9. h3 Bf8 10. d5 cxd5 11. exd5 h5 12. Be3 b6 13. Qd2 Ba6 14. Nb5 Nc5 15. Nec3 Qd7 16. b3 Bb7 {0-1 (39) Ghaem Maghami,E (2596)-Movsesian,S (2658) Berlin 2015}) 9. h3 exd4 10. Qxd4 Nc5 11. Be3 Re8 $146 ({Predecessor:} 11... Qc7 12. Rad1 Nfd7 13. f4 Re8 14. g4 Bf8 {1-0 (30) Narciso Dublan,M (2551)-Martin Consuegra,B (1886) San Sebastian 2013}) 12. Rad1 Qb6 13. b3 Qb4 14. f3 Bf8 15. Bf2 Be6 16. Nf4 Rad8 17. g4 Bc8 18. g5 Nfd7 19. Qxb4 axb4 20. Na2 Na6 21. Be1 c5 22. Nd5 Ne5 23. f4 Nc6 24. Bf2 Be6 25. Nb6 Nc7 26. f5 Bc8 27. Nc1 Ne5 28. Nd3 Nxd3 29. Rxd3 g6 30. Nxc8 Rxc8 31. Bg3 b5 32. Bxd6 Bxd6 33. Rxd6 bxa4 34. bxa4 Rb8 $18 (34... Rf8 $142 35. Rfd1 Rfe8) 35. Rd7 Rbc8 36. e5 Rxe5 37. Bb7 Rb8 38. Rxc7 gxf5 39. a5 1-0

[Event "Turkey IS Bank Super League 2017"]
[Site "Darica-Kocaeli"]
[Date "2017.08.04"]
[Round "11"]
[White "Tasdogen, Dincer"]
[Black "Ozenir, Ekin Baris"]
[Result "1-0"]
[ECO "B08"]
[WhiteElo "2215"]
[BlackElo "2098"]
[Annotator "ChessBase"]
[PlyCount "103"]
[EventType "team-tourn"]
[EventCountry "TUR"]
[SourceTitle "playchess.com"]
[Source "ChessBase"]
[SourceQuality "1"]
[TimeControl "40/5400+30:1800+30"]

1. e4 Nc6 2. Nf3 d6 3. d4 Nf6 4. Nc3 g6 5. Bb5 a6 6. Bxc6+ bxc6 7. h3 Bg7 8. Be3 O-O 9. O-O Bb7 10. Qd3 Nd7 11. Rad1 a5 12. Rfe1 e5 13. dxe5 Nxe5 14. Nxe5 Bxe5 15. Bd4 Qf6 16. Bxe5 Qxe5 17. Qd4 f6 18. b3 Kg7 19. Qe3 Rfe8 20. f4 Qe6 21. e5 fxe5 22. fxe5 c5 23. Nb5 Rac8 24. Qc3 dxe5 25. Qxc5 Re7 26. Re3 Kg8 27. Rde1 e4 28. Nc3 Qd6 29. Qc4+ Kg7 30. Nxe4 Bxe4 31. Rxe4 Rce8 32. Qc3+ Kg8 33. Qc4+ Kg7 34. Qc3+ Kg8 35. Rxe7 Rxe7 36. Qxa5 Qd4+ 37. Kh1 Rd7 38. Qe5 Qd2 39. Qe8+ Kg7 40. Re7+ Rxe7 41. Qxe7+ Kh6 42. Qxc7 Qc1+ 43. Kh2 Qa3 44. c4 Qxa2 45. b4 Qb2 46. b5 g5 47. b6 g4 48. Qf4+ Kh5 49. Qxg4+ Kh6 50. Qf4+ Kh5 51. Qf3+ Kh6 52. b7 1-0

[Event "Turkey IS Bank Super League 2017"]
[Site "Darica-Kocaeli"]
[Date "2017.08.04"]
[Round "11"]
[White "Topak, Engin"]
[Black "Gulden, Egemen"]
[Result "1-0"]
[ECO "D02"]
[WhiteElo "2192"]
[BlackElo "2044"]
[Annotator "NA"]
[PlyCount "73"]
[EventType "team-tourn"]
[EventCountry "TUR"]
[SourceTitle "playchess.com"]
[Source "ChessBase"]
[SourceQuality "1"]
[TimeControl "40/5400+30:1800+30"]

1. d4 d5 2. Nf3 Nf6 3. c4 e6 4. g3 b6 5. Bg2 Bb7 6. O-O Nbd7 7. Nbd2 Bd6 8. b3 O-O 9. Bb2 Qe7 {[%emt 0:00:30] D02: 1 d4 d5 2 Nf3 sidelines, including 2...Nf6 3 g3 and 2...Nf6 3 Bf4} 10. Qc2 (10. Rc1 c5 11. e3 Rfd8 {½-½ (42) Sohal,T (2199)-Vibbert,S (2315) Vancouver 2012}) 10... c5 $146 ({Predecessor:} 10... Rac8 11. a4 Rfe8 12. a5 a6 13. e3 Bb4 14. axb6 cxb6 15. Ne5 Nxe5 16. dxe5 Nd7 17. f4 {½-½ (56) Berglund,J (1986)-Flermoen,P (1508) Hammerfest 2007}) 11. cxd5 exd5 12. dxc5 bxc5 13. Rfe1 Ne4 14. Nxe4 dxe4 15. Nd2 f5 16. Nc4 Bc7 17. e3 Ba6 18. Red1 Kh8 19. Rac1 Rac8 20. Bf1 Bb7 21. Qc3 Rf6 22. Rd2 $16 f4 23. Rcd1 Nf8 24. Nd6 Bxd6 25. Rxd6 fxg3 26. Rxf6 gxh2+ 27. Kh1 Ng6 28. Rxg6 hxg6 29. Qxg7+ Qxg7 30. Bxg7+ Kxg7 31. Rd7+ Kh6 32. Rxb7 Rf8 33. Bg2 Rxf2 34. Rxa7 Re2 35. Bxe4 Rxe3 36. Bg2 g5 37. Kxh2 1-0

[Event "Turkey IS Bank Super League 2017"]
[Site "Darica-Kocaeli"]
[Date "2017.08.04"]
[Round "11"]
[White "Yazici, Ugur Doga"]
[Black "Sevgi, Volkan"]
[Result "1-0"]
[ECO "B12"]
[WhiteElo "2144"]
[BlackElo "2199"]
[Annotator "ChessBase"]
[PlyCount "133"]
[EventType "team-tourn"]
[EventCountry "TUR"]
[SourceTitle "playchess.com"]
[Source "ChessBase"]
[SourceQuality "1"]
[TimeControl "40/5400+30:1800+30"]

1. e4 c6 2. d4 d5 3. e5 Na6 4. c3 Nc7 5. Bd3 g6 6. Nf3 Nh6 7. Nbd2 Bg7 8. Nf1 Bg4 9. Ne3 Bxf3 10. Qxf3 f6 11. exf6 exf6 12. h4 f5 13. Bd2 Qd6 14. O-O-O O-O-O 15. g4 fxg4 16. Nxg4 Rhf8 17. Qh3 Nf5 18. Ne3 Qe6 19. Nxf5 gxf5 20. Rde1 Qf7 21. Rhg1 Ne8 22. Bg5 Rd7 23. Rxe8+ Qxe8 24. Bxf5 Rxf5 25. Qxf5 Qf8 26. Qxf8+ Bxf8 27. Kd2 Rf7 28. Ke2 Kd7 29. Rg3 Rf5 30. Rf3 Ke6 31. Re3+ Kf7 32. Rg3 Bd6 33. Rg1 Bf8 34. f3 h6 35. Be3 Rh5 36. Rg4 Be7 37. Bf2 Rf5 38. Ke3 h5 39. Rg1 Bf8 40. Ke2 Be7 41. Bg3 Bf6 42. a4 Ke6 43. Ra1 Bd8 44. Rg1 Rf8 45. Be5 Bxh4 46. Rh1 Bg5 47. Rxh5 Bc1 48. b3 b5 49. Rh7 Rf7 50. Rh1 Bg5 51. axb5 cxb5 52. Ra1 Bd8 53. Rh1 Be7 54. Rh6+ Kf5 55. Ra6 Bf8 56. Kd3 Kg5 57. f4+ Kf5 58. c4 dxc4+ 59. bxc4 b4 60. c5 b3 61. Kc3 Rb7 62. Kb2 Be7 63. c6 Rb4 64. c7 Rc4 65. Kxb3 Rc1 66. d5 Bh4 67. Rc6 1-0

[Event "Turkey IS Bank Super League 2017"]
[Site "Darica-Kocaeli"]
[Date "2017.08.04"]
[Round "11"]
[White "Ererdem, Gani Eren"]
[Black "Bayyurt, Izge"]
[Result "1-0"]
[ECO "E11"]
[WhiteElo "2090"]
[BlackElo "1839"]
[Annotator "NA"]
[PlyCount "73"]
[EventType "team-tourn"]
[EventCountry "TUR"]
[SourceTitle "playchess.com"]
[Source "ChessBase"]
[SourceQuality "1"]
[TimeControl "40/5400+30:1800+30"]

1. d4 Nf6 2. Nf3 e6 3. c4 Bb4+ 4. Nbd2 c5 5. dxc5 Bxc5 6. a3 a5 7. e3 Nc6 8. Qc2 O-O 9. b3 d5 10. cxd5 Qxd5 11. Bc4 (11. Bb2 $5 Be7 12. Be2 $14) 11... Qh5 12. Bb2 Be7 $14 13. O-O Bd7 14. Rad1 Rac8 15. Ne4 Nd5 16. Ng3 Qh6 17. Qe2 Nb6 18. Bd3 Bf6 19. Bc1 g6 20. e4 Qg7 21. Be3 Nd4 22. Nxd4 Bxd4 23. e5 Bxe3 24. Qxe3 Nd5 25. Qd4 Bc6 26. Ne4 Rfd8 27. Bc4 b5 28. Bxd5 Bxd5 29. Nf6+ Kh8 30. Rd3 h5 31. Qf4 b4 32. axb4 axb4 33. Rh3 Rc3 34. Rh4 Rxb3 35. Qg5 Rc8 36. Rxh5+ gxh5 37. Qxh5+ 1-0

[Event "Turkey IS Bank Super League 2017"]
[Site "Darica-Kocaeli"]
[Date "2017.08.04"]
[Round "11"]
[White "Arda, Cagil Irmak"]
[Black "Incecik, Seyma Zeynep"]
[Result "1-0"]
[ECO "B01"]
[WhiteElo "2080"]
[BlackElo "1804"]
[Annotator "NA"]
[PlyCount "61"]
[EventType "team-tourn"]
[EventCountry "TUR"]
[SourceTitle "playchess.com"]
[Source "ChessBase"]
[SourceQuality "1"]
[TimeControl "40/5400+30:1800+30"]

1. e4 d5 2. exd5 Qxd5 3. Nc3 Qa5 4. d4 c6 5. Bc4 Nf6 6. Bd2 Bf5 7. Nf3 e6 8. Qe2 Bb4 9. O-O-O Nbd7 10. Ne5 Nxe5 11. dxe5 Nd5 12. Bxd5 exd5 {[%emt 0:01:30] B01: Scandinavian Defence} 13. g4 {[%emt 0:04:30] LiveBook: 12 Games} (13. a3 Bxa3 14. bxa3 Qxa3+ 15. Kb1 Qb3+ 16. Ka1 Bxc2 17. Rc1 d4 18. Na2 Bf5 19. Bb4 O-O-O 20. Bd6 {1-0 (55) Gunnarsson,J (2450)-Tristan,L (2458) chess.com INT 2017}) 13... Bd7 14. a3 {[%emt 0:10:30] [#]} ({Better is} 14. f4 $11) 14... Be7 $146 (14... Bxa3 $1 $15 15. f4 (15. bxa3 Qxa3+) 15... Be7) ({Predecessor:} 14... Bxc3 15. Bxc3 Qb6 16. f4 O-O-O 17. f5 Rde8 18. Rhe1 Rhg8 19. Qf3 g6 20. e6 fxe6 {1-0 (40) Polok,K (2213)-Percivaldi,M (2310) Warsaw 2015}) 15. Be1 Bg5+ 16. Kb1 Qc7 17. Rd4 Be7 18. f4 Qb6 19. Bf2 $11 Bxa3 20. Na4 Qb5 21. Qxb5 cxb5 22. bxa3 bxa4 23. f5 h5 24. Re1 hxg4 25. e6 fxe6 26. fxe6 Bc6 27. Rxg4 Rh7 28. Rf4 O-O-O 29. Bg3 Re8 30. Rf7 b6 31. Rc7+ 1-0

[Event "Turkey IS Bank Super League 2017"]
[Site "Darica-Kocaeli"]
[Date "2017.08.04"]
[Round "11"]
[White "Tarlabasi, Emirhan"]
[Black "Gokerkan, Cem Kaan"]
[Result "0-1"]
[ECO "E12"]
[WhiteElo "2046"]
[BlackElo "2321"]
[Annotator "ChessBase"]
[PlyCount "68"]
[EventType "team-tourn"]
[EventCountry "TUR"]
[SourceTitle "playchess.com"]
[Source "ChessBase"]
[SourceQuality "1"]
[TimeControl "40/5400+30:1800+30"]

1. d4 Nf6 2. c4 e6 3. Nf3 b6 4. a3 Bb7 5. Nc3 d5 6. cxd5 Nxd5 7. Qc2 Nxc3 8. bxc3 Nd7 9. e4 c5 10. Bd3 Qc7 11. O-O cxd4 12. cxd4 Qxc2 13. Bxc2 Be7 14. Bb2 O-O 15. Rac1 Ba6 16. Rfd1 Rac8 17. Bb1 b5 18. d5 exd5 19. exd5 Nb6 20. d6 Rxc1 21. Bxc1 Rd8 22. Bf4 Nc4 23. Ne5 Rxd6 24. Re1 Nxe5 25. Bxe5 Rd8 26. Bc7 Rd7 27. Ba5 g6 28. Bc2 Bxa3 29. Bc3 Bf8 30. Ra1 Rc7 31. Rxa6 Rxc3 32. Ra2 b4 33. Bd1 Rc1 34. Rd2 b3 0-1

[Event "Turkey IS Bank Super League 2017"]
[Site "Darica-Kocaeli"]
[Date "2017.08.04"]
[Round "11"]
[White "Unat, Can Haktan"]
[Black "Kesgin, Halit Kaan"]
[Result "1-0"]
[ECO "A07"]
[WhiteElo "2006"]
[BlackElo "2207"]
[Annotator "NA"]
[PlyCount "116"]
[EventType "team-tourn"]
[EventCountry "TUR"]
[SourceTitle "playchess.com"]
[Source "ChessBase"]
[SourceQuality "1"]
[TimeControl "40/5400+30:1800+30"]

1. Nf3 d5 2. g3 Nf6 3. Bg2 c5 4. O-O Nc6 5. d3 e6 6. Nc3 Be7 7. e4 O-O 8. a3 {[%emt 0:00:30] A07: Réti Opening: New York and Capablanca Systems} (8. Bd2 b6 9. Re1 d4 10. Nb5 e5 11. a4 a6 12. Na3 Rb8 13. Nc4 Nd7 14. Bh3 Qc7 15. c3 b5 {1-0 (39) Harikrishna,P (2727)-Wang,Y (2720) Beijing 2014}) 8... a6 9. Kh1 $146 ({Predecessor:} 9. h3 b5 10. exd5 exd5 11. Re1 Ra7 12. d4 h6 13. Be3 b4 14. axb4 cxb4 15. Na4 Bd6 {1-0 (49) Bancod,R (2375)-Nadera,B (2401) Manila 2008}) 9... h6 10. Bd2 Re8 11. Ng1 dxe4 12. Nxe4 Nxe4 13. Bxe4 f5 (13... e5 $15) 14. Bg2 (14. Bxc6 $5 bxc6 15. Bc3 $11) 14... Bf6 15. Rb1 e5 16. f4 c4 17. dxc4 e4 18. Be3 Be6 19. Qe2 Qc7 20. Rfd1 Ne7 21. b3 {[%emt 0:00:30] [#]} (21. Bf1 $11) 21... b5 $1 22. Qf2 bxc4 23. Ne2 Nd5 24. Rbc1 Bb2 25. Rb1 Bxa3 26. b4 Rab8 27. c3 a5 28. b5 Nxe3 29. Qxe3 Bc5 30. Nd4 Bd7 31. Bf1 Bb6 32. Qe2 Kh7 33. Qxc4 Qxc4 34. Bxc4 Rec8 35. Ne6 Rxc4 ({Black should try} 35... Be8 $17 36. Nf8+ Kh8) 36. Rxd7 e3 37. Nxg7 Kg6 38. Rbd1 Bc5 39. Ne6 Rxb5 40. Nxc5 Rcxc5 41. R1d6+ Kh5 42. Kg2 $1 Rb2+ ({Much worse is} 42... Rxc3 $6 43. Kh3 $16) 43. Kh3 Rxc3 $2 (43... Rd2 $1 $14 44. Rxd2 exd2) 44. Rh7 Rxh2+ 45. Kxh2 Kg4 46. Rd1 Rc2+ 47. Kg1 Kxg3 48. Rg7+ Kxf4 49. Rf1+ Ke4 50. Re7+ Kd3 51. Rxf5 $18 Rc1+ 52. Rf1 Rc3 53. Ra1 Ke2 54. Rxa5 Kf3 55. Rf5+ Kg4 56. Rf1 Kg3 57. Rg7+ Kh4 58. Kg2 Rd3 1-0